 Dungeon Sprint DCSS version 0.17-a0-1197-g2d00c63 (webtiles) character file.

64 Kidiri the Ducker (level 3, 0/19 HPs)
             Began as a Spriggan Warper on June 2, 2015.
             Was a Believer of Dithmenos.
             Slain by a wight
             ... wielding a +0 hand axe
              (1 damage)
             ... in the Dungeon (Sprint VII: "The Pits").
             The game lasted 00:03:47 (487 turns).

Kidiri the Ducker (Spriggan Warper)                  Turns: 487, Time: 00:03:47

Health: 0/19       AC:  2    Str:  7    XL:     3   Next: 91%
Magic:  9/9        EV: 20    Int: 15    God:    Dithmenos [**....]
Gold:   0          SH:  0    Dex: 15    Spells: 4 memorised, 2 levels left

rFire  . . .     SeeInvis +     r - +2 dagger (drain)
rCold  . . .     Clarity  .     b - +0 robe
rNeg   . . .     SustAt   .     (shield restricted)
rPois  .         Gourm    .     (helmet restricted)
rElec  .         Spirit   .     (no cloak)
rCorr  .         Warding  .     (gloves unavailable)
rMut   .         NoTele   +     (boots unavailable)
MR     .....                    (no amulet)
Stlth  +++.......               (no ring)
                                (no ring)

@: wreathed by umbra, drained, very quick, not resistant to hostile
enchantments, fairly stealthy
A: unfitting armour, see invisible, herbivore 3, speed 3, slow metabolism 2
a: Shadow Step, Renounce Religion


You were in the Dungeon.
You worshipped Dithmenos.
Dithmenos was pleased with you.
You were not hungry.

You visited 1 branch

Inventory:

Hand weapons
 a - a +0 short sword
 l - a +2 dagger
 r - a +2 dagger of draining (weapon)
Armour
 b - a +0 robe (worn)
Scrolls
 d - 2 scrolls of blinking
 o - 3 scrolls of remove curse
 p - 5 scrolls of amnesia
 q - a scroll of summoning
Potions
 g - 6 potions of curing
 h - 6 potions of heal wounds
 i - a potion of haste
 j - 4 potions of magic
 k - 3 potions of berserk rage
 n - 2 potions of invisibility
Books
 c - a book of Spatial Translocations

   Spells                             Type                      Level
   a - Apportation                    Translocation                1
   b - Blink                          Translocation                2
   c - Shroud of Golubria             Charms/Translocation         2
   d - Portal Projectile              Translocation                3
   e - Teleport Other                 Translocation                3
   f - Passage of Golubria            Translocation                4
Comestibles
 f - 8 bread rations
 m - 40 fruits


   Skills:
 + Level 2.4(1.8) Fighting
 * Level 4.0(3.4) Short Blades
 + Level 2.8(2.2) Throwing
 * Level 5.7(5.0) Dodging
 * Level 4.2(3.6) Stealth
 * Level 4.3(3.7) Spellcasting
 + Level 2.0(1.5) Charms
 + Level 5.3(4.6) Translocations
 + Level 1.2(0.6) Invocations


You had 2 spell levels left.
You knew the following spells:

 Your Spells              Type           Power        Failure   Level  Hunger
a - Apportation           Tloc           ###.......   2%          1    None
b - Blink                 Tloc           N/A          4%          2    ##.....
c - Shroud of Golubria    Chrm/Tloc      ##........   10%         2    ##.....
d - Portal Projectile     Tloc           ###...       10%         3    ###....


Dungeon Overview and Level Annotations

Branches:
Dungeon (1/1)

Altars:
Ashenzari
Cheibriados
Dithmenos
Elyvilon
Fedhas
Gozag
Kikubaaqudgha
Makhleb
Nemelex Xobeh
Okawaru
Qazlal
Ru
Sif Muna
Trog
Vehumet
Xom
Yredelemnul
Zin
The Shining One
Beogh
Jiyva
Lugonu


Innate Abilities, Weirdness & Mutations

You are tiny and cannot use many weapons and most armour.
You have supernaturally acute eyesight.
You are a herbivore.
You cover ground extremely quickly.
You need consume almost no food.


Message History

The wight misses you.
You barely miss the wight.
The wight is almost destroyed.
You barely miss the wight.
The wight is almost destroyed.
The wight hits you with a hand axe.
You closely miss the wight.
The wight is almost destroyed.
The wight hits you with a hand axe!
You feel drained.
You barely miss the wight.
The wight is almost destroyed.
You hit the wight but do no damage.
The wight is almost destroyed.
The wight misses you.
You hit the wight but do no damage.
The wight is almost destroyed.
The wight hits you with a hand axe.
* * * LOW HITPOINT WARNING * * *
You feel drained.
You die...

#__________#
#.#####'##########
#_#.))'.'%.##.....
#_#)))#.#?(##.....
#######'#####.....
#...........'.....
#'#####'#####.....
#.#...#)#..##.....
#@#..†#†#.)#####'#
#z#...'.#))##.....
#z##)####))##.....
#.#.....#[[##.....
#.#.....#'###...<.
#.#........##.....
#)#........##.....
#'###########.....
#.......# ######


You could see 2 wights.

Vanquished Creatures
  A crimson imp (D)
  An adder (D)
  A gnoll (D)
  2 oozes (D)
  2 giant cockroaches (D)
  A hobgoblin (D)
  A kobold (D)
  A quokka skeleton (D)
10 creatures vanquished.

Notes
Turn   | Place    | Note
--------------------------------------------------------------
     0 | D        | Kidiri the Spriggan Warper began the quest for the Orb.
     0 | D        | Reached XP level 1. HP: 10/10 MP: 5/5
    21 | D        | Reached skill level 1 in Stealth
    55 | D        | Found a sacrificial altar of Ru.
    55 | D        | Found a basalt altar of Yredelemnul.
    55 | D        | Found a shadowy altar of Dithmenos.
    55 | D        | Found a deep blue altar of Sif Muna.
    55 | D        | Found a burning altar of Makhleb.
    55 | D        | Found a shimmering altar of Xom.
    55 | D        | Found an ancient bone altar of Kikubaaqudgha.
    55 | D        | Found a sparkling altar of Nemelex Xobeh.
    56 | D        | Found a glowing golden altar of the Shining One.
    56 | D        | Found a bloodstained altar of Trog.
    56 | D        | Found a shattered altar of Ashenzari.
    56 | D        | Found a white marble altar of Elyvilon.
    56 | D        | Found a snail-covered altar of Cheibriados.
    56 | D        | Found a blossoming altar of Fedhas.
    56 | D        | Found a radiant altar of Vehumet.
    56 | D        | Found a glowing silver altar of Zin.
    56 | D        | Found a corrupted altar of Lugonu.
    56 | D        | Found a viscous altar of Jiyva.
    56 | D        | Found a roughly hewn altar of Beogh.
    56 | D        | Found an iron altar of Okawaru.
    61 | D        | Became a worshipper of Dithmenos the Shadowed
   133 | D        | Found a stormy altar of Qazlal.
   133 | D        | Found an opulent altar of Gozag.
   191 | D        | Reached XP level 2. HP: 15/15 MP: 5/7
   209 | D        | Learned a level 2 spell: Blink
   212 | D        | Learned a level 2 spell: Shroud of Golubria
   224 | D        | Noticed a crimson imp
   232 | D        | Acquired Dithmenos's first power
   251 | D        | Killed a crimson imp
   251 | D        | Reached skill level 5 in Dodging
   251 | D        | Reached skill level 1 in Charms
   251 | D        | Reached skill level 5 in Translocations
   251 | D        | Reached skill level 1 in Invocations
   251 | D        | Reached XP level 3. HP: 11/19 MP: 7/9
   375 | D        | Learned a level 3 spell: Portal Projectile
   430 | D        | Noticed a wight
   430 | D        | Noticed a wight
   431 | D        | Noticed a scorpion
   487 | D        | Slain by a wight

Vault maps used:
D:        pitsprint

Action                   || total
-------------------------++-------
Melee: Dagger            ||    76
       Short sword       ||     6
Throw: Tomahawk          ||     5
 Stab: Sleeping          ||     2
